[Event "Titled Tuesday Blitz July 11 Late 2023"]
[White "Erigaisi Arjun"]
[Black "Pinheiro, Iung Alicio de O."]
[WhiteFideId "35009192"]
[BlackFideId "2104350"]
[WhiteElo "3083"]
[BlackElo "2568"]
[Result "1-0"]
[Round "4"]
[TimeControl "180+2"]
[Date "2023.07.11"]
[WhiteClock "0:00:34"]
[BlackClock "0:00:00"]
[Board "30"]

1. b3 d5 2. Bb2 Bg4 3. c4 e6 4. h3 Bf5 5. Nf3 h6 6. e3 Nf6 7. a3 a5 8. Nc3 Be7 9. d4 Nbd7 10. Bd3 Bxd3 11. Qxd3 c6 12. O-O Qb6 13. c5 Qc7 14. b4 O-O 15. b5 b6 16. cxb6 Qxb6 17. a4 c5 18. e4 dxe4 19. Nxe4 Rfd8 20. Rfd1 Rac8 21. Rac1 Nd5 22. Ne5 Nxe5 23. dxe5 Nb4 24. Qg3 Rxd1+ 25. Rxd1 Rd8 26. Rd6 Qb8 27. Nxc5 Nd5 28. Ne4 Kh8 29. Qf3 Kg8 30. Rxd8+ Qxd8 31. Bd4 Nb4 32. Qc3 Qd5 33. Nd6 Bxd6 34. exd6 f6 35. Qc5 Qe4 36. d7 1-0


[Site "https://www.chess.com"]

[Event "Titled Tuesday Blitz July 11 Late 2023"]
[White "Bok, Benjamin"]
[Black "Ballester Llagaria, Luis Eduardo"]
[WhiteFideId "1017063"]
[BlackFideId "2297620"]
[WhiteElo "2980"]
[BlackElo "2563"]
[Result "1-0"]
[Round "4"]
[TimeControl "180+2"]
[Date "2023.07.11"]
[WhiteClock "0:00:04"]
[BlackClock "0:00:11"]
[Board "31"]

1. d4 d5 2. c4 dxc4 3. Nf3 Nf6 4. e3 e6 5. Bxc4 a6 6. O-O b5 7. Be2 Bb7 8. a4 b4 9. Nbd2 Nbd7 10. b3 c5 11. Bb2 Be7 12. Rc1 Rc8 13. Nc4 O-O 14. Nfe5 Bd5 15. Bf3 Qc7 16. Qe2 Rfd8 17. Rfd1 Qb7 18. h3 h6 19. Nxd7 Rxd7 20. dxc5 Rxc5 21. Bd4 Bxf3 22. Qxf3 Qxf3 23. gxf3 Rc8 24. Nb6 Rxc1 25. Rxc1 Rd8 26. Rc7 Bd6 27. Ra7 e5 28. Bb2 Bc5 29. Rxa6 Rd3 30. Bxe5 Rxb3 31. Bxf6 gxf6 32. Nd7 Rc3 33. Nxc5 Rxc5 34. Rb6 Rc4 35. Rxf6 b3 36. Rb6 Rc3 37. a5 Rc1+ 38. Kg2 Ra1 39. Rxb3 Rxa5 40. Rb4 Kg7 41. Kg3 Kg6 42. f4 f6 43. f3 h5 44. e4 Ra3 45. Rb6 Kg7 46. Rb7+ Kg6 47. f5+ Kh6 48. Rf7 h4+ 49. Kxh4 Rxf3 50. Rxf6+ Kg7 51. Rg6+ Kh7 52. Kg4 Rf1 53. Re6 Rg1+ 54. Kf4 Rh1 55. Kg5 Rxh3 56. Re7+ Kg8 57. f6 Rg3+ 58. Kf5 Kf8 59. e5 Ra3 60. Rb7 Rb3 61. Rxb3 1-0


[Site "https://www.chess.com"]

[Event "Titled Tuesday Blitz July 11 Late 2023"]
[White "Kollars, Dmitrij"]
[Black "FromTexas54"]
[WhiteFideId "12909572"]
[WhiteElo "2975"]
[BlackElo "2558"]
[Result "1-0"]
[Round "4"]
[TimeControl "180+2"]
[Date "2023.07.11"]
[WhiteClock "0:00:11"]
[BlackClock "0:00:05"]
[Board "32"]

1. e4 e5 2. Nf3 Nc6 3. g3 Nf6 4. Nc3 g6 5. Bg2 Bg7 6. O-O O-O 7. d3 d6 8. h3 h6 9. Be3 Be6 10. Qd2 Kh7 11. d4 exd4 12. Nxd4 Bd7 13. Rad1 Ne5 14. b3 Re8 15. f4 Nc6 16. Rfe1 Qc8 17. Kh2 Nxd4 18. Bxd4 Bc6 19. Re3 Re7 20. Rde1 Qh8 21. e5 dxe5 22. Bxe5 Bxg2 23. Qxg2 Rae8 24. Qxb7 Nh5 25. Bxg7 Rxe3 26. Bxh8 Rxe1 27. Bd4 Rc1 28. Qg2 Ree1 29. Bf2 Re7 30. Bd4 Ree1 31. Ne4 f5 32. Nf6+ Nxf6 33. Bxf6 Kg8 34. Bc3 Red1 35. g4 Kf7 36. gxf5 gxf5 37. Qg7+ Ke8 38. Qe5+ Kd8 39. Qf6+ Ke8 40. Qe6+ Kf8 41. Qxf5+ Ke8 42. Qe6+ Kf8 43. Qxh6+ Kf7 44. Qf6+ Ke8 45. Qe6+ Kf8 46. Bd4 Rxc2+ 47. Kg3 Rd3+ 48. Kh4 Rcd2 49. Be5 Rd7 50. Kg5 R2d5 51. h4 Rg7+ 52. Kh6 Re7 53. Qxd5 Rh7+ 54. Kxh7 1-0


[Site "https://www.chess.com"]

[Event "Titled Tuesday Blitz July 11 Late 2023"]
[White "Kramnik, Vladimir"]
[Black "Bruedigam, Martin"]
[WhiteFideId "4101588"]
[BlackFideId "24608033"]
[WhiteElo "2969"]
[BlackElo "2558"]
[Result "1-0"]
[Round "4"]
[TimeControl "180+2"]
[Date "2023.07.11"]
[WhiteClock "0:00:28"]
[BlackClock "0:00:00"]
[Board "33"]

1. e4 e5 2. Nf3 Nc6 3. g3 Nf6 4. d3 Bc5 5. Bg2 d6 6. c3 Bb6 7. Nbd2 a6 8. O-O O-O 9. a4 h6 10. b4 Be6 11. Bb2 Re8 12. Re1 a5 13. b5 Ne7 14. d4 Ng6 15. Qc2 Rc8 16. Rad1 Qe7 17. Ba3 Nd7 18. h3 f6 19. Nf1 Red8 20. Ne3 Ndf8 21. h4 Qf7 22. d5 Bd7 23. Nc4 Bg4 24. Nh2 Bxd1 25. Rxd1 Qe7 26. Bh3 Nd7 27. Qe2 Ngf8 28. h5 Ra8 29. Bf5 Nc5 30. Qc2 Qe8 31. Bxc5 Bxc5 32. Qe2 c6 33. dxc6 bxc6 34. bxc6 Qxc6 35. Ng4 Ra7 36. Nb2 Rb7 37. Nd3 Ba7 38. Kg2 Rc7 39. Rb1 Kh8 40. Rb5 Bb6 41. Ne3 Bxe3 42. Qxe3 1-0


[Site "https://www.chess.com"]

[Event "Titled Tuesday Blitz July 11 Late 2023"]
[White "Przybylski, Wojciech"]
[Black "Esipenko, Andrey"]
[WhiteFideId "1117599"]
[BlackFideId "24175439"]
[WhiteElo "2554"]
[BlackElo "2962"]
[Result "1-0"]
[Round "4"]
[TimeControl "180+2"]
[Date "2023.07.11"]
[WhiteClock "0:00:06"]
[BlackClock "0:00:00"]
[Board "34"]

1. e4 Nf6 2. Nc3 d5 3. exd5 Nxd5 4. Bc4 Nb6 5. Bb3 c5 6. d3 Nc6 7. Nge2 Bg4 8. h3 Bh5 9. Be3 e6 10. O-O Be7 11. Qd2 Nd4 12. Nf4 Bg6 13. Nce2 Bf5 14. Ng3 Bg6 15. Nxg6 hxg6 16. Rfe1 O-O 17. Bxd4 Qxd4 18. Rab1 c4 19. Re4 Qd5 20. Bxc4 Nxc4 21. Rxc4 b5 22. Re4 Qxa2 23. Ree1 Rfc8 24. Ne4 Qd5 25. Ra1 a5 26. c3 a4 27. d4 Rc4 28. Qd3 b4 29. Nd2 Rcc8 30. c4 Qd7 31. d5 a3 32. bxa3 bxa3 33. Ne4 exd5 34. cxd5 Bb4 35. Reb1 Rab8 36. Qd4 Bd6 37. Rxb8 Rxb8 38. Nxd6 Qxd6 39. Qa7 Rb3 40. Qa8+ Kh7 41. Qc6 Qe5 42. Qc1 Qb2 43. d6 Rc3 44. Qd1 Rc2 45. d7 Rxf2 46. Qd5 1-0


[Site "https://www.chess.com"]

[Event "Titled Tuesday Blitz July 11 Late 2023"]
[White "Durarbayli, Vasif"]
[Black "only_strong_moves"]
[WhiteFideId "13402935"]
[WhiteElo "2915"]
[BlackElo "2554"]
[Result "1-0"]
[Round "4"]
[TimeControl "180+2"]
[Date "2023.07.11"]
[WhiteClock "0:00:13"]
[BlackClock "0:00:00"]
[Board "35"]

1. e4 e5 2. Nc3 Nc6 3. f4 exf4 4. d4 g5 5. h4 Bg7 6. d5 Ne5 7. hxg5 Qxg5 8. Nge2 Ng6 9. Qd3 d6 10. Bd2 a6 11. Qc4 Nf6 12. Qxc7 O-O 13. g3 Nh5 14. gxf4 Nhxf4 15. Qxd6 Be5 16. Qb6 Bg4 17. Rg1 Nh4 18. O-O-O Nf3 19. Rh1 Nxd2 20. Rxd2 Nxe2+ 21. Nxe2 Rac8 22. Rg1 h5 23. Bh3 f5 24. Qe6+ Kh7 25. Qxe5 Rf7 26. Bxg4 hxg4 27. exf5 Rxf5 28. Qh2+ Kg6 29. Qg2 1-0


[Site "https://www.chess.com"]

[Event "Titled Tuesday Blitz July 11 Late 2023"]
[White "Moral Garcia, Serafin"]
[Black "Tang, Andrew"]
[WhiteFideId "2201925"]
[BlackFideId "2059630"]
[WhiteElo "2543"]
[BlackElo "2911"]
[Result "1-0"]
[Round "4"]
[TimeControl "180+2"]
[Date "2023.07.11"]
[WhiteClock "0:00:15"]
[BlackClock "0:00:00"]
[Board "36"]

1. e4 b5 2. Bxb5 f5 3. exf5 c6 4. Qh5+ g6 5. fxg6 Bg7 6. gxh7+ Kf8 7. hxg8=Q+ Kxg8 8. Qg5 cxb5 9. Qd5+ Kh7 10. Nf3 e6 11. Qxa8 Nc6 12. Nc3 Qb6 13. d3 Bb7 14. Be3 Qc7 15. Ng5+ Kg6 16. Qxh8 Bxh8 17. h4 Nb4 18. Kd2 Nxc2 19. Kxc2 b4 20. Bd2 bxc3 21. bxc3 Bc6 22. a4 Qa5 23. h5+ Kg7 24. Rh4 Kf8 25. h6 Ke8 26. h7 e5 27. Rb4 Qc7 28. Rab1 Ke7 29. Rb8 Bxa4+ 30. Kc1 Bf6 31. Ne4 Bg7 32. Rg8 Kf7 33. Rbb8 d5 34. Rxg7+ Kxg7 35. h8=Q+ 1-0


[Site "https://www.chess.com"]

[Event "Titled Tuesday Blitz July 11 Late 2023"]
[White "Aggelis, Nikolaos"]
[Black "Gordievsky, Dmitry"]
[WhiteFideId "4213220"]
[BlackFideId "24112798"]
[WhiteElo "2541"]
[BlackElo "2906"]
[Result "0-1"]
[Round "4"]
[TimeControl "180+2"]
[Date "2023.07.11"]
[WhiteClock "0:00:06"]
[BlackClock "0:00:10"]
[Board "37"]

1. c4 e6 2. g3 d5 3. Bg2 Nf6 4. Nf3 d4 5. O-O c5 6. b4 cxb4 7. a3 Nc6 8. e3 dxe3 9. fxe3 bxa3 10. d4 Be7 11. Bxa3 O-O 12. Nc3 Bxa3 13. Rxa3 Qe7 14. Qa1 Rd8 15. Rb1 Rb8 16. Ne1 Bd7 17. Nd3 Be8 18. Nc5 Ng4 19. Ne2 e5 20. Ne4 f5 21. Nf2 exd4 22. Nxd4 Nxf2 23. Kxf2 Ne5 24. Bd5+ Kh8 25. Kg1 Bg6 26. Rab3 b6 27. Rf1 Ng4 28. Ne2 Nxe3 29. Rf2 Nxd5 30. cxd5 Rxd5 31. Nf4 Re5 32. Rb1 Re8 33. Nxg6+ hxg6 34. Qa2 Re1+ 35. Rxe1 Qxe1+ 36. Kg2 Qe7 37. Kg1 a5 38. Qa4 Rd8 39. Kg2 Qe4+ 40. Qxe4 fxe4 41. Re2 b5 42. Rxe4 b4 43. Re5 Ra8 44. Rb5 Kg8 45. Kf3 Kf7 46. Ke4 Kf6 47. h4 a4 48. Rb6+ Kf7 49. Rxb4 a3 50. Rb1 a2 51. Ra1 Ke6 52. Kd3 Kf5 53. Kc2 Kg4 54. Kb2 Kxg3 55. Rg1+ Kxh4 56. Ka1 g5 57. Rh1+ Kg4 58. Rg1+ Kf5 59. Rf1+ Kg6 60. Rg1 Ra4 61. Rc1 g4 62. Rc6+ Kg5 63. Rc5+ Kh4 64. Rc7 g6 65. Rg7 Kg5 66. Rg8 g3 67. Rd8 g2 68. Rd1 Rg4 69. Rg1 Kh4 70. Kxa2 Kh3 0-1


[Site "https://www.chess.com"]

[Event "Titled Tuesday Blitz July 11 Late 2023"]
[White "Graif, William"]
[Black "Rustemov, Alexander"]
[WhiteFideId "2609835"]
[BlackFideId "4119002"]
[WhiteElo "2540"]
[BlackElo "2903"]
[Result "0-1"]
[Round "4"]
[TimeControl "180+2"]
[Date "2023.07.11"]
[WhiteClock "0:00:00"]
[BlackClock "0:00:57"]
[Board "38"]

1. e4 e6 2. d4 d5 3. Be3 dxe4 4. f3 Nf6 5. Nd2 exf3 6. Ngxf3 Nbd7 7. Bd3 c5 8. O-O cxd4 9. Bxd4 Bc5 10. c3 O-O 11. Bc2 b6 12. Qe2 Bb7 13. Rae1 Qc7 14. Qf2 h6 15. Kh1 Rad8 16. Nb3 Bxd4 17. Nfxd4 Ba6 18. Rg1 Ng4 19. Qg3 Qxg3 20. hxg3 Ndf6 21. Bd1 e5 22. Bxg4 exd4 23. Be2 Bxe2 24. Rxe2 dxc3 25. bxc3 Rfe8 26. Rge1 Rxe2 27. Rxe2 Kf8 28. Nd4 g6 29. Kg1 Rc8 30. Nb5 a6 31. Nd6 Rxc3 32. Rf2 Rc1+ 33. Rf1 Rxf1+ 34. Kxf1 Nd5 35. Ke1 Ke7 0-1


[Site "https://www.chess.com"]

[Event "Titled Tuesday Blitz July 11 Late 2023"]
[White "Richter, Paul"]
[Black "Ter-Sahakyan, Samvel"]
[WhiteFideId "2046350"]
[BlackFideId "13302531"]
[WhiteElo "2539"]
[BlackElo "2839"]
[Result "0-1"]
[Round "4"]
[TimeControl "180+2"]
[Date "2023.07.11"]
[WhiteClock "0:00:00"]
[BlackClock "0:00:02"]
[Board "39"]

1. e4 c5 2. Nf3 e6 3. d3 d5 4. Nbd2 Nc6 5. g3 Bd6 6. Bg2 Nge7 7. O-O O-O 8. Re1 f6 9. a4 b6 10. exd5 exd5 11. c3 Qc7 12. Nf1 Bd7 13. d4 Rad8 14. Ne3 Be6 15. Nc4 dxc4 16. Rxe6 cxd4 17. Nxd4 Nxd4 18. cxd4 Kh8 19. Bd2 a6 20. Qh5 Ng6 21. Be4 Qf7 22. d5 Bc5 23. Bc3 f5 24. Bf3 Rd6 25. Rae1 Rfd8 26. Qg5 R6d7 27. h4 Be7 28. Qe3 Bc5 29. Qg5 Be7 30. Qe3 Bc5 31. Qc1 Nf8 32. Qg5 b5 33. axb5 axb5 34. b4 cxb3 35. h5 b4 36. Bb2 Nxe6 37. dxe6 Qe7 38. exd7 Qxe1+ 39. Kh2 Qxf2+ 40. Bg2 Qg1+ 41. Kh3 Rxd7 42. h6 Bd4 43. hxg7+ Kg8 0-1


[Site "https://www.chess.com"]

[Event "Titled Tuesday Blitz July 11 Late 2023"]
[White "Yelisieiev, Yevhenii"]
[Black "Beerdsen, Thomas"]
[WhiteFideId "14139642"]
[BlackFideId "1030108"]
[WhiteElo "2537"]
[BlackElo "2823"]
[Result "0-1"]
[Round "4"]
[TimeControl "180+2"]
[Date "2023.07.11"]
[WhiteClock "0:00:07"]
[BlackClock "0:01:42"]
[Board "40"]

1. d4 Nf6 2. Nf3 b5 3. e3 b4 4. Bd3 Bb7 5. Nbd2 a5 6. e4 e6 7. O-O c5 8. d5 exd5 9. exd5 Be7 10. Nc4 Bxd5 11. Ne3 Be6 12. Nf5 O-O 13. Bf4 d5 14. Re1 Nc6 15. Ng5 Bxf5 16. Bxf5 h6 17. Nf3 Bd6 18. Qd2 Bxf4 19. Qxf4 Re8 20. h3 Ra7 21. Rxe8+ Qxe8 22. Rd1 Re7 23. Qd6 c4 24. Qc5 a4 25. b3 axb3 26. axb3 Ne5 27. Nd4 g6 28. Qd6 Kg7 29. Bg4 Nexg4 30. hxg4 Re1+ 31. Rxe1 Qxe1+ 32. Kh2 Qxf2 33. Qe5 cxb3 34. cxb3 Qh4+ 35. Kg1 Qxg4 36. Nc6 Qe4 37. Qb2 h5 38. Nd4 Qe1+ 39. Kh2 Ng4+ 40. Kh3 Qh1+ 41. Kg3 Qh2+ 42. Kf3 Qe5 43. Ne6+ fxe6 44. Qxe5+ Nxe5+ 45. Kf4 Kf6 46. Ke3 g5 47. Kd4 Nd7 48. Kd3 h4 49. Ke3 Kf5 50. Kf3 g4+ 51. Ke3 h3 52. gxh3 gxh3 53. Kf3 h2 54. Kg2 Ke5 55. Kxh2 Kd4 56. Kg3 Kc3 57. Kf4 Kxb3 58. Ke3 Kc4 59. Kd2 b3 60. Kc1 e5 0-1


[Site "https://www.chess.com"]

[Event "Titled Tuesday Blitz July 11 Late 2023"]
[White "Sidletskyi, Ivan"]
[Black "Krzyzanowski, Marcin"]
[WhiteFideId "14156024"]
[BlackFideId "1132199"]
[WhiteElo "2536"]
[BlackElo "2794"]
[Result "1-0"]
[Round "4"]
[TimeControl "180+2"]
[Date "2023.07.11"]
[WhiteClock "0:00:27"]
[BlackClock "0:00:00"]
[Board "41"]

1. e4 d5 2. exd5 Qxd5 3. Nc3 Qd8 4. d4 Nf6 5. Nf3 g6 6. Bc4 Bg7 7. O-O O-O 8. h3 c6 9. Bf4 Nd5 10. Nxd5 cxd5 11. Bd3 Nc6 12. c3 f6 13. Qb3 Kh8 14. Rfe1 e5 15. dxe5 fxe5 16. Bg5 Qd6 17. Rad1 Be6 18. Qxb7 Rab8 19. Qa6 Rb6 20. Qa4 Qc7 21. Qh4 Rxb2 22. Bxg6 Bg8 23. Rxd5 Rxf3 24. gxf3 Na5 25. Rd8 1-0


[Site "https://www.chess.com"]

[Event "Titled Tuesday Blitz July 11 Late 2023"]
[White "Warmerdam, Max"]
[Black "Hajiyev, Kanan"]
[WhiteFideId "1048104"]
[BlackFideId "13404148"]
[WhiteElo "2789"]
[BlackElo "2535"]
[Result "1-0"]
[Round "4"]
[TimeControl "180+2"]
[Date "2023.07.11"]
[WhiteClock "0:02:31"]
[BlackClock "0:00:02"]
[Board "42"]

1. d4 Nf6 2. c4 e6 3. Nf3 b6 4. a3 d5 5. cxd5 Nxd5 6. e4 Nf6 7. Nc3 Bb7 8. Bd3 Be7 9. O-O O-O 10. Qe2 c5 11. dxc5 Bxc5 12. b4 Be7 13. Bb2 Nc6 14. Rfd1 Qb8 15. e5 Nh5 16. Qe3 g6 17. Ne4 Rd8 18. g4 Ng7 19. Nf6+ Bxf6 20. exf6 Ne8 21. Qh6 Rd5 22. Bxg6 fxg6 23. Rxd5 exd5 24. Ng5 Nxf6 25. Bxf6 Qc7 26. Re1 Rf8 27. Re7 Qxe7 28. Bxe7 Nxe7 29. Qxh7# 1-0


[Site "https://www.chess.com"]

[Event "Titled Tuesday Blitz July 11 Late 2023"]
[White "MFatigue"]
[Black "Perez Ponsa, Federico"]
[BlackFideId "117927"]
[WhiteElo "2534"]
[BlackElo "2788"]
[Result "0-1"]
[Round "4"]
[TimeControl "180+2"]
[Date "2023.07.11"]
[WhiteClock "0:00:05"]
[BlackClock "0:01:16"]
[Board "43"]

1. e4 c6 2. Bc4 d5 3. Bb3 dxe4 4. Qh5 g6 5. Qh4 f5 6. f3 e5 7. Qxd8+ Kxd8 8. fxe4 Nf6 9. Nc3 Bc5 10. d3 f4 11. Bd2 Ng4 12. Nf3 Re8 13. h3 Ne3 14. Bxe3 Bxe3 15. Nd1 Bb6 16. Nc3 Nd7 17. O-O-O Nc5 18. Kb1 Nxb3 19. axb3 Kc7 20. d4 exd4 21. Nxd4 Bd7 22. Nde2 Be3 23. Rdf1 g5 24. h4 h6 25. hxg5 hxg5 26. g3 Rf8 27. gxf4 gxf4 28. Rh7 f3 29. Ng3 Rad8 30. Nf5 Bc5 31. Rxf3 Kb8 32. Rg3 Bc8 33. Rgg7 Rfe8 34. Ne7 Bd4 35. Nf5 Bxg7 36. Nxg7 Re7 0-1


[Site "https://www.chess.com"]

[Event "Titled Tuesday Blitz July 11 Late 2023"]
[White "Schmakel, Sam"]
[Black "Kanyamarala, Tarun"]
[WhiteFideId "2039311"]
[BlackFideId "45004714"]
[WhiteElo "2788"]
[BlackElo "2532"]
[Result "1-0"]
[Round "4"]
[TimeControl "180+2"]
[Date "2023.07.11"]
[WhiteClock "0:00:11"]
[BlackClock "0:00:53"]
[Board "44"]

1. Nf3 d5 2. g3 Nd7 3. Bg2 e5 4. d3 Ngf6 5. O-O Bd6 6. Nc3 c6 7. e4 O-O 8. Nh4 Bb4 9. exd5 Bxc3 10. dxc6 Bxb2 11. Bxb2 bxc6 12. Bxc6 Rb8 13. Rb1 Bb7 14. Bxb7 Rxb7 15. Ba3 Rxb1 16. Qxb1 Re8 17. Nf5 h6 18. Qb5 e4 19. Nd6 Re5 20. Qc4 Re6 21. Nxe4 Ne5 22. Nxf6+ Rxf6 23. Qe4 Nf3+ 24. Kg2 Qb6 25. Be7 Nd2 26. Qa8+ Kh7 27. Bxf6 Nxf1 28. Qe4+ Kg8 29. Bd4 Qb1 30. Qe8+ Kh7 31. Qxf7 Ne3+ 32. Bxe3 Qxc2 33. Qd5 Qc7 34. h4 1-0


[Site "https://www.chess.com"]

[Event "Titled Tuesday Blitz July 11 Late 2023"]
[White "Francisco Guecamburu, Candela Be"]
[Black "Bartel, Mateusz"]
[WhiteFideId "160911"]
[BlackFideId "1112635"]
[WhiteElo "2532"]
[BlackElo "2785"]
[Result "0-1"]
[Round "4"]
[TimeControl "180+2"]
[Date "2023.07.11"]
[WhiteClock "0:00:03"]
[BlackClock "0:00:04"]
[Board "45"]

1. e4 c6 2. d4 d5 3. e5 Bf5 4. h4 h5 5. Bg5 Qc7 6. Bd3 Bxd3 7. Qxd3 e6 8. Nd2 Ne7 9. Ngf3 Nf5 10. O-O Be7 11. c4 O-O 12. Rac1 Qd7 13. Rfd1 Rd8 14. Nf1 Bxg5 15. Nxg5 Qe7 16. Qf3 g6 17. g3 Nd7 18. Ne3 dxc4 19. Nxc4 Nb6 20. Ne4 Nd5 21. Ncd6 Nxd6 22. Nxd6 Rxd6 23. exd6 Qxd6 24. a3 a5 25. Re1 a4 26. Re5 Ne7 27. Qe4 Nf5 28. Rc4 Rd8 29. Rxa4 Nxd4 30. Rea5 b5 31. Rxd4 Qxd4 32. Qxc6 Qxb2 33. Qxb5 Qa1+ 34. Kg2 Rd1 35. Ra8+ Kg7 36. Qc6 Qd4 37. Rc8 Qd3 38. Qc3+ Qxc3 39. Rxc3 Ra1 40. Kf3 f5 41. Kf4 Kf6 42. Kf3 Ra2 43. Kg2 g5 44. hxg5+ Kxg5 45. Rb3 e5 46. Kf3 e4+ 47. Ke3 h4 48. gxh4+ Kxh4 49. f3 Kg3 50. fxe4 f4+ 51. Kd4+ f3 52. e5 Kf4 53. e6 f2 54. e7 Rd2+ 55. Kc3 Re2 56. Rb4+ Kf3 57. Rb1 Rxe7 58. Rf1 Re1 59. Rxf2+ Kxf2 60. Kb4 Ke3 61. a4 Kd4 62. a5 Rb1+ 63. Ka4 Kc5 0-1


[Site "https://www.chess.com"]

[Event "Titled Tuesday Blitz July 11 Late 2023"]
[White "Mahdavi, Reza"]
[Black "brm72"]
[WhiteFideId "12595926"]
[WhiteElo "2771"]
[BlackElo "2531"]
[Result "1/2-1/2"]
[Round "4"]
[TimeControl "180+2"]
[Date "2023.07.11"]
[WhiteClock "0:00:06"]
[BlackClock "0:00:10"]
[Board "46"]

1. e4 c6 2. d4 d5 3. e5 c5 4. dxc5 e6 5. a3 Bxc5 6. b4 Bb6 7. Bb2 a5 8. b5 Ne7 9. Nf3 Nd7 10. Bd3 a4 11. Nbd2 Nc5 12. Qe2 Bd7 13. c4 Nxd3+ 14. Qxd3 dxc4 15. Nxc4 Ba5+ 16. Bc3 Bxc3+ 17. Qxc3 O-O 18. Nd6 Nd5 19. Qd2 Qb6 20. O-O Rfd8 21. Rab1 Be8 22. Rfc1 h6 23. Qd4 Rxd6 24. exd6 Qxd6 25. Qc5 Qf4 26. Rc4 Qf5 27. Rbc1 Bd7 28. Qd6 Be8 29. h3 Kh7 30. Rc8 Rxc8 31. Rxc8 Bxb5 32. Kh2 Bf1 33. Qb8 Qf4+ 34. Qxf4 Nxf4 35. Ne1 b5 36. Rc7 Kg6 37. Rb7 Bc4 38. g3 Nd5 39. Nc2 Nc3 40. f4 Nd1 41. g4 Kf6 42. Kg3 g5 43. Rd7 Nc3 44. fxg5+ hxg5 45. Ne3 Ne4+ 46. Kf3 Nc5 47. Rc7 Nd3 48. Ke4 Ne5 49. Rc5 Nd7 50. Rc8 Ne5 51. Rc7 Be2 52. Kd4 Nf3+ 53. Kc5 Ng1 54. Rc6 Nxh3 55. Nd5+ Kg7 56. Nc3 Bxg4 57. Rc7 Bf5 58. Nxb5 g4 59. Nd6 Bg6 60. Kd4 g3 61. Ne8+ Kf8 62. Nf6 g2 63. Rc8+ Kg7 64. Ne8+ Kh6 65. Rc1 g1=Q+ 66. Rxg1 Nxg1 67. Ke5 Bc2 68. Kf6 Nf3 69. Nd6 e5 70. Nxf7+ Kh5 71. Nxe5 Nd4 72. Nc4 Kg4 73. Ke5 Nb5 74. Ne3+ Kf3 75. Nxc2 Nxa3 76. Nxa3 Ke3 77. Kd5 Kd2 78. Kc5 Kc3 79. Kb5 Kb2 80. Nc4+ Kb3 81. Na5+ Ka3 82. Nc6 Kb3 83. Nd4+ Kc3 84. Kxa4 1/2-1/2


[Site "https://www.chess.com"]

[Event "Titled Tuesday Blitz July 11 Late 2023"]
[White "Priasmoro, Novendra"]
[Black "D`Arruda, Ricardo D."]
[WhiteFideId "7105029"]
[BlackFideId "100692"]
[WhiteElo "2758"]
[BlackElo "2531"]
[Result "1-0"]
[Round "4"]
[TimeControl "180+2"]
[Date "2023.07.11"]
[WhiteClock "0:00:09"]
[BlackClock "0:00:00"]
[Board "47"]

1. d4 Nf6 2. Bf4 d6 3. e3 g6 4. h4 h5 5. Nc3 Bg7 6. Nf3 Nbd7 7. Qd2 b6 8. Be2 Bb7 9. a4 a6 10. O-O O-O 11. Rfe1 c5 12. Bf1 Ne4 13. Nxe4 Bxe4 14. c3 Qc7 15. Ng5 Bc6 16. d5 Bb7 17. e4 Ne5 18. Be2 Rab8 19. Be3 Bc8 20. f4 Ng4 21. Bxg4 Bxg4 22. Rf1 Qd7 23. Rf2 b5 24. axb5 axb5 25. f5 gxf5 26. Raf1 e6 27. exf5 exf5 28. Qd3 Rfe8 29. Bd2 c4 30. Qg3 b4 31. Nf3 bxc3 32. Bxc3 Re3 33. Qf4 Qe7 34. Bxg7 Kxg7 35. Nd4 Re5 36. Nc6 Qe8 37. Qg5+ Kf8 38. Qh6+ Kg8 39. Qxd6 Re3 40. Qxb8 Qxb8 41. Nxb8 Rd3 42. Nc6 Kf8 43. Rxf5 Bxf5 44. Rxf5 Rd2 45. Ne5 Rxb2 46. Rxf7+ Ke8 47. d6 Rd2 48. d7+ Kd8 49. Rf8+ Ke7 50. Re8+ Kf6 51. d8=Q+ Rxd8 52. Rxd8 Kxe5 53. Kf2 c3 54. Ke3 1-0


[Site "https://www.chess.com"]

[Event "Titled Tuesday Blitz July 11 Late 2023"]
[White "Michalczak, Thomas"]
[Black "Fantastic_Power"]
[WhiteFideId "4622634"]
[WhiteElo "2529"]
[BlackElo "2747"]
[Result "1-0"]
[Round "4"]
[TimeControl "180+2"]
[Date "2023.07.11"]
[WhiteClock "0:00:12"]
[BlackClock "0:00:03"]
[Board "48"]

1. e4 Nf6 2. e5 Nd5 3. d4 d6 4. Nf3 dxe5 5. Nxe5 c6 6. Be2 g6 7. c4 Nc7 8. Nc3 Bg7 9. Be3 Nd7 10. f4 O-O 11. O-O c5 12. Nxd7 Bxd7 13. dxc5 Bxc3 14. bxc3 Bc6 15. Qxd8 Rfxd8 16. Rad1 f5 17. Rxd8+ Rxd8 18. Rd1 Rxd1+ 19. Bxd1 Kf7 20. h3 a6 21. g4 e6 22. Kf2 Ne8 23. g5 Nc7 24. Bd4 Ke7 25. h4 a5 26. h5 Na6 27. h6 Kf7 28. Ke3 Ke7 29. Kd2 Kf7 30. Be3 e5 31. fxe5 Nc7 32. Bf4 Ne6 33. Ke3 Nxc5 34. Be2 Ke6 35. Bd3 Be4 36. Be2 Bb1 37. a3 Be4 38. Kd4 Nd7 39. c5 Ke7 40. Bc4 Nb8 41. Bg8 Nc6+ 42. Ke3 a4 43. e6 Nd8 44. Bxh7 Kxe6 45. Bxg6 Nc6 46. h7 Ne7 47. h8=Q Nd5+ 48. Kd4 Nxf4 49. Qf6+ 1-0


[Site "https://www.chess.com"]

[Event "Titled Tuesday Blitz July 11 Late 2023"]
[White "Ismagilov, Damir"]
[Black "Korchmar, Vasiliy"]
[WhiteFideId "34199982"]
[BlackFideId "24131750"]
[WhiteElo "2529"]
[BlackElo "2724"]
[Result "1-0"]
[Round "4"]
[TimeControl "180+2"]
[Date "2023.07.11"]
[WhiteClock "0:00:09"]
[BlackClock "0:00:00"]
[Board "49"]

1. e4 c5 2. c3 g6 3. d4 Bg7 4. dxc5 Na6 5. Be3 Nf6 6. Nd2 O-O 7. Ngf3 Ng4 8. Bf4 Nxc5 9. Be2 Qb6 10. Nc4 Qf6 11. Bg5 Qe6 12. h3 Nxf2 13. Kxf2 Nxe4+ 14. Ke1 d5 15. Ncd2 Nxg5 16. Nxg5 Qe3 17. Ngf3 e5 18. Nf1 Qb6 19. Qd2 d4 20. cxd4 exd4 21. Bd3 Re8+ 22. Kf2 Bd7 23. Ng3 Re3 24. Rhe1 Bh6 25. Qd1 Qxb2+ 26. Kg1 Bc6 27. Nf1 Qb6 28. Nxe3 dxe3 29. Be2 Rd8 30. Qb3 Qc5 31. Rad1 Rd2 32. Kh2 Rb2 33. Qxb2 Bf4+ 34. Kh1 Qe7 35. Qd4 Bc7 36. Bc4 b5 37. Rxe3 Qf8 38. Bd5 Bb6 39. Qe4 Bxd5 40. Rxd5 Bxe3 41. Qxe3 a5 42. Qd4 1-0


[Site "https://www.chess.com"]

[Event "Titled Tuesday Blitz July 11 Late 2023"]
[White "Jarovinsky, Alexey"]
[Black "Vovk, Orest"]
[WhiteFideId "14115131"]
[BlackFideId "14113490"]
[WhiteElo "2720"]
[BlackElo "2526"]
[Result "1-0"]
[Round "4"]
[TimeControl "180+2"]
[Date "2023.07.11"]
[WhiteClock "0:00:02"]
[BlackClock "0:00:00"]
[Board "50"]

1. Nc3 h6 2. d4 g5 3. h4 g4 4. e4 Bg7 5. Be3 d6 6. Nge2 c6 7. Qd2 Qa5 8. Ng3 h5 9. Bc4 b5 10. Bb3 b4 11. Nce2 Be6 12. Bxe6 fxe6 13. a3 Na6 14. O-O Qb5 15. axb4 Nxb4 16. c3 Na6 17. Nf4 Nc7 18. Rfc1 Nf6 19. c4 Qb7 20. e5 dxe5 21. dxe5 Nd7 22. Nfxh5 Bxe5 23. Bd4 Bf6 24. Bxf6 exf6 25. Ng7+ Ke7 26. Rd1 Ne5 27. Qd6+ Kf7 28. Ne4 Rad8 29. Qc5 Kxg7 30. Rxd8 Rxd8 31. Rxa7 Qb8 32. Qe7+ Nf7 33. Rxc7 Rf8 34. Qxf6+ Kg8 35. Qg6+ Kh8 36. Nf6 1-0


[Site "https://www.chess.com"]